Map: 나이트쉐이드 - 래더

Players

DPGPartinG (PartinG) - Winner!

  • Race: Protoss Protoss
  • League: Grandmaster
  • Spawn Location: 5:00

llllllllllll (Trap)

  • Race: Protoss Protoss
  • League: Master
  • Spawn Location: 11:00

VOD

Have the link to the VOD?

Description

Time

  • Played on: Jan. 16, 2020, 5:18 a.m.
  • Length: 9:24
Show
View Real Time Build Order
Export as new Build Order

DPGPartinG Protoss - Winner!

Build Orders: Stalker Disruptor 

Get SALT Encoding   

  12  0:00  Probe  
  13  0:12  Probe  
  14  0:17  Pylon  
  14  0:24  Probe (Chrono Boost)  
  15  0:36  Gateway  
  15  0:37  Probe (Chrono Boost)  
  16  0:44  Probe (Chrono Boost)  
  16  0:46  Assimilator  
  17  0:51  Probe  
  17  0:54  Assimilator  
  18  1:03  Probe (Chrono Boost)  
  19  1:10  Gateway  
  19  1:13  Probe (Chrono Boost)  
  19  1:18  Probe (Chrono Boost)  
  20  1:23  Cybernetics Core  
  21  1:29  Probe  
  22  1:33  Pylon  
  22  1:41  Probe  
  23  1:54  Gateway  
  23  1:57  Warp Gate (Chrono Boost)  
  23  1:59  Stalker  
  25  2:04  Stalker  
  25  2:07  Probe  
  28  2:15  Pylon  
  28  2:29  Stalker  
  30  2:38  Stalker  
  30  2:40  Stalker  
  29  3:36  Stalker x3  
  29  3:40  Nexus  
  35  3:42  Pylon  
  35  3:44  Robotics Facility  
  35  3:46  Probe  
  36  4:00  Adept  
  36  4:01  Adept  
  40  4:03  Sentry  
  40  4:07  Probe  
  43  4:19  Probe  
  43  4:22  Shield Battery  
  44  4:27  Pylon  
  44  4:32  Observer (Chrono Boost)  
  44  4:38  Pylon  
  45  4:44  Robotics Bay  
  45  4:50  Warp Prism (Chrono Boost)  
  47  5:02  Shield Battery  
  47  5:04  Stalker  
  49  5:15  Stalker  
  51  5:24  Immortal (Chrono Boost)  
  51  5:27  Probe  
  56  5:35  Probe  
  57  5:39  Probe  
  58  5:46  Sentry  
  60  5:52  Disruptor (Chrono Boost)  
  63  5:57  Adept x2  
  63  5:58  Probe  
  63  5:59  Probe  
  69  6:12  Shield Battery x2  
  69  6:13  Adept  
  71  6:19  Pylon  
  71  6:22  Pylon  
  71  6:30  Pylon  
  71  6:33  Disruptor (Chrono Boost)  
  74  6:43  Probe x2  
  76  6:48  Zealot x2  
  78  6:59  Disruptor (Chrono Boost)  
  76  7:01  Gateway  
  79  7:15  Stalker  
  79  7:16  Stalker  
  81  7:32  Probe x2  
  83  7:39  Stalker x2  
  87  7:48  Pylon x2  
  87  8:05  Disruptor  
  87  8:06  Zealot x3  
  94  8:25  Probe x2  
  96  8:29  Gateway  
  96  8:30  Gateway  
  96  8:33  Pylon  
  96  8:35  Pylon  
  96  8:37  Assimilator  
  96  8:39  Stalker x3  
  102  8:47  Probe x2  
  105  9:04  Stalker  
  105  9:05  Zealot x2  
  105  9:08  Probe x2  
Show
View Real Time Build Order
Export as new Build Order

llllllllllll Protoss 

Build Orders: Colossus Rush 

Get SALT Encoding   

  12  0:00  Probe  
  13  0:12  Probe  
  14  0:17  Pylon  
  14  0:24  Probe (Chrono Boost)  
  15  0:36  Probe (Chrono Boost)  
  15  0:38  Gateway  
  16  0:45  Probe (Chrono Boost)  
  16  0:48  Assimilator  
  17  0:50  Probe  
  17  0:54  Assimilator  
  18  1:03  Probe (Chrono Boost)  
  19  1:08  Gateway  
  19  1:13  Probe (Chrono Boost)  
  19  1:18  Probe (Chrono Boost)  
  20  1:25  Cybernetics Core  
  21  1:29  Probe  
  22  1:33  Pylon  
  22  1:41  Probe  
  23  1:53  Probe  
  24  2:01  Stalker  
  24  2:02  Warp Gate, Stalker  
  28  2:09  Pylon  
  28  2:34  Stalker x2  
  31  2:51  Nexus  
  31  2:54  Probe  
  32  3:04  Sentry x2  
  36  3:06  Probe  
  37  3:14  Pylon  
  37  3:21  Probe  
  34  3:36  Shield Battery  
  34  3:39  Robotics Facility  
  34  3:51  Stalker x2  
  34  3:52  Pylon  
  38  4:02  Pylon  
  38  4:19  Pylon  
  38  4:21  Adept x2  
  38  4:23  Gateway, Warp Prism (Chrono Boost)  
  44  4:40  Pylon  
  44  4:51  Shield Battery  
  48  5:00  Robotics Bay  
  48  5:03  Observer (Chrono Boost)  
  45  5:15  Immortal (Chrono Boost), Shield Battery  
  49  5:28  Stalker x3  
  55  5:46  Colossus (Chrono Boost)  
  61  5:50  Pylon  
  61  5:57  Gateway  
  61  6:08  Sentry  
  63  6:20  Zealot x2  
  67  6:30  Pylon  
  67  6:33  Pylon  
  53  7:04  Stalker x4  
  61  7:28  Sentry x2, Zealot x2  
  69  7:50  Disruptor (Chrono Boost)  
  69  7:58  Zealot x4  
  72  8:18  Disruptor (Chrono Boost)  
  75  8:26  Zealot  
  75  8:27  Zealot x3  
  77  8:51  Disruptor (Chrono Boost)  
  77  9:11  Stalker x3  
Tags
 
Add a new tag
Caveats
  • Supply blocks, unpowered buildings, or Contaminate may cause inaccurate times.
  • Supply counts are checked every 10 seconds.